 Dungeon Crawl Stone Soup version 0.24-a0-378-g94936e539c (webtiles) character file.

Game seed: 12249230966667129689

73 HAL9000 the Ruffian (level 4, -7/35 HPs)
             Began as a Draconian Transmuter on June 1, 2019.
             Was an Initiate of Ru.
             Mangled by Sigmund
             ... wielding a +0 scythe
              (9 damage)
             ... on level 2 of the Dungeon.
             The game lasted 00:03:14 (1899 turns).

HAL9000 the Ruffian (Draconian Transmuter)          Turns: 1899, Time: 00:03:14

Health: -7/35      AC:  2    Str: 13    XL:     4   Next: 8%
Magic:  4/7        EV: 19    Int: 13    God:    Ru [......]
Gold:   68         SH:  0    Dex: 17    Spells: 1/7 levels left

rFire    . . .     SeeInvis .     - Unarmed
rCold    . . .     Gourm    .   (shield currently unavailable)
rNeg     . . .     Faith    .   (armour unavailable)
rPois    x         Spirit   .   (helmet currently unavailable)
rElec    .         Reflect  .   (cloak currently unavailable)
rCorr    .         Harm     .   (gloves currently unavailable)
MR       .....                  (boots currently unavailable)
Stlth    ++........             (no amulet)
HPRegen  0.11/turn              (no ring)
MPRegen  0.10/turn              (no ring)

@: spider-form (expiring)
A: tiny, unfitting armour, AC +5
a: End Transformation, Renounce Religion


You were on level 2 of the Dungeon.
You worshipped Ru.
Ru was noncommittal.
You were very hungry.
You were a venomous arachnid creature.
You visited 1 branch of the dungeon, and saw 2 of its levels.

You collected 68 gold pieces.

Inventory:

Missiles
 a - 27 arrows
Armour
 h - a +2 pair of boots (melded)
Scrolls
 b - a scroll of remove curse {unknown}
 d - 3 scrolls of teleportation {unknown}
 e - a scroll of amnesia {unknown}
 g - a scroll of noise {unknown}
 i - a scroll of immolation {unknown}
 j - 2 scrolls of identify {unknown}
Potions
 f - a potion of degeneration {unknown}
Comestibles
 c - 4 rations


   Skills:
 - Level 1.1 Fighting
 - Level 1.7 Dodging
 + Level 4.2 Unarmed Combat
 - Level 2.0 Spellcasting
 * Level 3.2 Transmutations


You had one spell level left.
You knew the following spells:

 Your Spells              Type           Power        Failure   Level  Hunger
a - Beastly Appendage     Tmut           #.....       19%         1    ##.....
b - Sticks to Snakes      Tmut           #.......     26%         2    ###....
c - Spider Form           Tmut/Pois      #.........   58%         3    ####...

Your spell library contained the following spells:

 Spells                   Type           Power        Failure   Level  Hunger
 Ice Form                 Ice/Tmut       #.......     91%         4    #####..
 Blade Hands              Tmut           #.........   96%         5    ######.


Dungeon Overview and Level Annotations

Branches:
Dungeon (2/15)

Altars:
Ru
Wu Jian

Annotations:
D:2 Sigmund


Innate Abilities, Weirdness & Mutations

((Your plain brown scales are hard. (AC +5)))
You cannot fit into any form of body armour.
((You are cold-blooded and may be slowed by cold attacks.))


Message History

You turn into a venomous arachnid creature.
Your +2 pair of boots melds into your body.
You are feeling very hungry.
Something closely misses you. The worm bites you!
You hit the worm.
The worm is poisoned.
The worm is severely wounded.
You hit the worm.
You kill the worm!
Something hits you. Something hits you!
* * * LOW HITPOINT WARNING * * *
You see here a worm corpse.
You hit something but do no damage.
Your transformation is almost over.
You hit something. Something hits you.
* * * LOW HITPOINT WARNING * * *
You hit something. Something barely misses you.
You closely miss something. You bite something! Something hits you!
You die...

######.......#####...........#
#.....<(###...#
#..#...(.....#### ..####.##
#...###................ .##
#)# #...#...###>)^.....###. .#
#.# #.....### ########..... ##
#.####...### # ##.### .##
##.##.....# ..# ###
..###.....#...#####....#
................s{.....#
###'###..#########.....# # #.#
#..# ....# ###.###..# ...#
###_..'..# ..# ###.###..# .# #
#.# #.## # ###'###.# .†......#


There were no monsters in sight!

Vanquished Creatures
  An adder (D:2)
  An ooze (D:1)
  2 worms (D:2)
  A dart slug (D:1)
  3 giant cockroaches
  5 goblins
  9 hobgoblins
  3 jackals (D:1)
  A quokka (D:2)
  A ball python (D:2)
  7 bats
  5 frilled lizards
  6 kobolds
  5 rats
50 creatures vanquished.

Notes
Turn   | Place    | Note
-------+----------+-------------------------------------------
     0 | D:1      | HAL9000 the Draconian Transmuter began the quest for the
                  | Orb.
     0 | D:1      | Reached XP level 1. HP: 16/16 MP: 3/3
   374 | D:1      | Reached XP level 2. HP: 12/23 MP: 1/5
   554 | D:1      | Learned a level 2 spell: Sticks to Snakes
   893 | D:1      | Reached XP level 3. HP: 27/28 MP: 6/6
  1234 | D:2      | Reached skill level 4 in Unarmed Combat
  1451 | D:2      | Learned a level 3 spell: Spider Form
  1694 | D:2      | Found a sacrificial altar of Ru.
  1756 | D:2      | Became a worshipper of Ru the Awakened
  1817 | D:2      | Reached XP level 4. HP: 31/35 MP: 7/7
  1831 | D:2      | Found an ornate altar of the Wu Jian Council.
  1881 | D:2      | Noticed Sigmund
  1896 | D:2      | HP: 1/35 [something (3)]
  1899 | D:2      | Mangled by Sigmund

Levels and vault maps discovered:
D:1:      lightli_arrival_quake, layout_loops_cross, moated_statue,
          hangedman_decor_lopped, roderic_lattice_a
D:2:      layout_rooms, lemuel_doored_altar, first_ration,
          nicolae_ru_path_of_blood, uniq_sigmund

Skill      XL: |  1  2  3 |
---------------+----------+-----
Unarmed Combat | 4 |  4.2
Transmutations | 3 |  3.2
Fighting       | |  1.1
Dodging        | |  1.7
Spellcasting   | |  2.0

Action                   |  1- 3 |  4- 6 || total
-------------------------+-------+-------++-------
Melee: Unarmed           |   140 |    22 ||   162
       Headbutt          |     7 |       ||     7
       Kick              |     5 |       ||     5
       Tailslap          |    11 |     2 ||    13
       Punch             |     2 |       ||     2
 Cast: Beastly Appendage |    25 |     1 ||    26
       Spider Form       |       |     1 ||     1
  Eat: Chunk             |     3 |       ||     3
Armor: Skin              |    45 |     6 ||    51
Dodge: Dodged            |   100 |     9 ||   109

Table legend:
 A = Non-vault XP
 B = Vault XP
 C = Vault XP percentage of total XP
 D = Non-vault monster count
 E = Vault monster count
 F = Vault count percentage of total count
                 A         B        C        D         E       F
            +---------+---------+-------+---------+---------+-------
      Total |     105 |       0 |   0.0 |      50 |       0 |   0.0
            +---------+---------+-------+---------+---------+-------
        D:1 |      59 |       0 |   0.0 |      32 |       0 |   0.0
        D:2 |      46 |       0 |   0.0 |      18 |       0 |   0.0
            +---------+---------+-------+---------+---------+-------
